 Dungeon Crawl Stone Soup version 0.29.1-15-g9cfb28693d (webtiles) character file.

Game seed: 11620242177385298240

78 CatalinOSBI the Grave Robber (level 4, -1/24 HPs)
             Began as a Deep Elf Necromancer on Mar 31, 2023.
             Slain by a gnoll
             ... wielding a +0 whip
              (2 damage)
             ... on level 3 of the Dungeon on Apr 3, 2023.
             The game lasted 00:14:35 (2420 turns).

CatalinOSBI the Grave Robber (Deep Elf Necromancer) Turns: 2420, Time: 00:14:38

Health: -1/24      AC:  4    Str:  5    XL:     4   Next: 15%
Magic:  2/12       EV: 12    Int: 22    God:
Gold:   137        SH:  5    Dex: 15    Spells: 10/12 levels left

rFire   . . .      SeeInvis .   m - staff of conjuration
rCold   . . .      Faith    .   (no shield)
rNeg    . . .      Spirit   .   a - +1 robe
rPois   .          Reflect  +   (no helmet)
rElec   .          Harm     .   (no cloak)
rCorr   .          Rampage  .   (no gloves)
Will    .....                   o - +0 pair of boots
Stlth   ++........              d - amulet of reflection
HPRegen 0.08/turn               (no ring)
MPRegen 0.13/turn               (no ring)

@: about to teleport
A: no striking features
a: no special abilities


You were on level 3 of the Dungeon.
You visited 1 branch of the dungeon, and saw 3 of its levels.

You collected 137 gold pieces.

Inventory:

Hand Weapons
 l - a +0 dagger
Armour
 a - a +1 robe (worn)
 o - a +0 pair of boots (worn)
Magical Staves
 m - a staff of conjuration (weapon)
Jewellery
 d - an amulet of reflection (around neck)
 f - a ring of protection from cold
Scrolls
 c - a scroll of fog
 k - a scroll of teleportation
Potions
 b - 2 potions of magic
 e - 3 potions of degeneration
 g - 2 potions of curing


   Skills:
 - Level 2.4 Dodging
 - Level 2.4 Stealth
 + Level 4.5 Spellcasting
 + Level 1.3 Conjurations
 + Level 5.8 Necromancy


You had 10 spell levels left.
You knew the following spells:

 Your Spells              Type           Power      Damage    Failure   Level
a - Necrotise             Necr           100%       1d9       1%          1
b - Magic Dart            Conj           64%        1d6       6%          1

Your spell library contained the following spells:

 Spells                   Type           Power      Damage    Failure   Level
 Vampiric Draining        Necr           30%        2d8       3%          3
 Foxfire                  Conj/Fire      44%        2x1d6     9%          1
 Animate Dead             Necr           30%        N/A       10%         4
 Call Imp                 Summ           5%         N/A       16%         2
 Conjure Flame            Conj/Fire      11%        6-21      24%         3
 Mephitic Cloud           Conj/Pois/Air  10%        N/A       26%         3
 Agony                    Necr           30%        N/A       26%         5
 Inner Flame              Hex/Fire       5%         N/A       32%         3
 Flame Wave               Conj/Fire      11%        2d6       63%         4


Dungeon Overview and Level Annotations

Branches:
Dungeon (3/15)

Altars:

Annotations:
D:2 exclusion: downstairs


Message History

Confirm with . or Enter, or press ? or * to list all spells.
Aiming: Necrotise (safe; 1% risk of failure)
Press: ? - help, Shift-Dir - straight line, f/p - gnoll
Aim: a gnoll, wielding a +0 whip (heavily wounded, chance to affect: 88%)
The gnoll writhes in agony.
You kill the gnoll!
The dead are walking!
You see here 6 large rocks.
The gnoll barely misses your gnoll skeleton.
The gnoll attacks as you move away! You block the gnoll's attack.
The gnoll attacks as you move away! The gnoll hits you with a +0 whip!
* * * LOW HITPOINT WARNING * * *
The gnoll attacks as you move away! The gnoll hits you with a +0 whip.
* * * LOW HITPOINT WARNING * * *
As you read the scroll of teleportation, it crumbles to dust.
You feel strangely unstable.
The gnoll hits your gnoll skeleton with a +0 spear.
The gnoll hits you with a +0 whip.
* * * LOW HITPOINT WARNING * * *
Your gnoll skeleton barely misses the gnoll.
Casting: Necrotise (safe; 1% risk of failure)
Confirm with . or Enter, or press ? or * to list all spells.
Aiming: Necrotise (safe; 1% risk of failure)
Press: ? - help, Shift-Dir - straight line, f - gnoll
Aim: a gnoll, wielding a +0 whip (chance to affect: 88%)
The gnoll writhes in agony.
The gnoll hits your gnoll skeleton with a +0 spear.
The gnoll hits you with a +0 whip.
* * * LOW HITPOINT WARNING * * *
Your gnoll skeleton closely misses the gnoll.
Casting: Necrotise (safe; 1% risk of failure)
Confirm with . or Enter, or press ? or * to list all spells.
Aiming: Necrotise (safe; 1% risk of failure)
Press: ? - help, Shift-Dir - straight line, f/p - gnoll
Aim: a gnoll, wielding a +0 whip (lightly wounded, chance to affect: 88%)
The gnoll writhes in agony.
The gnoll hits your gnoll skeleton with a +0 spear!
Your gnoll skeleton is destroyed!
The gnoll hits you with a +0 whip.
You die...

#.##.#
#....#
#....#
###).#
#.####
#..#######
#.#
#g.......#
#.#
#.######.#
#.# #.#
#.# #.#
#.# #.#
####.# #g#
#.#
.....##
#@# #.#
###...####
#.# #.#
#.#....#
#.# #.#
#...##.#
#.# #.#
######.#
#.# #.#
#.# #.#
#.# #.#
#.# #.#
#.# #.#
#.# #.#
#.# #.#


You could see 2 gnolls.

Vanquished Creatures
  2 gnolls (D:3)
  2 adders (D:3)
  3 worms (D:2)
  A dart slug (D:3)
  A ball python (D:1)
  A bat zombie (D:2)
  4 endoplasms
  2 giant cockroaches (D:2)
  A hobgoblin (D:1)
  A quokka (D:2)
  6 bats
  2 goblins
  3 kobolds (D:2)
  A rat (D:1)
30 creatures vanquished.

Vanquished Creatures (collateral kills)
  A dart slug (D:2)
  A rat (D:1)
2 creatures vanquished.

Vanquished Creatures (others)
  A withered plant (D:2)
1 creature vanquished.

Grand Total: 33 creatures vanquished

Notes
Turn   | Place    | Note
-------+----------+-------------------------------------------
     0 | D:1      | CatalinOSBI the Deep Elf Necromancer began the quest for
                  | the Orb.
     0 | D:1      | Reached XP level 1. HP: 10/10 MP: 6/6
   162 | D:1      | Reached skill level 5 in Necromancy
   374 | D:1      | Found a faded altar of an unknown god.
   767 | D:2      | Reached XP level 2. HP: 15/15 MP: 3/8
  1348 | D:2      | Learned a level 1 spell: Magic Dart
  1355 | D:2      | Reached XP level 3. HP: 19/19 MP: 3/10
  2247 | D:3      | Reached skill level 1 in Conjurations
  2401 | D:3      | Reached XP level 4. HP: 24/24 MP: 4/12
  2419 | D:3      | HP: 1/24 [gnoll/+0 whip (2)]
  2420 | D:3      | Slain by a gnoll

Illustrated notes

Levels and vault maps discovered:
D:1:      tarquinn_simple_flora_water_c, layout_loops_ring,
          shapermc_ecumenical_altar_gd
D:2:      minmay_skewed_foursquare, layout_basic, serial_undead,
          serial_undead_b, serial_undead_f, serial_undead_d, serial_undead_c,
          serial_undead_e, minmay_misc_feat_doors, glass_columns_a
D:3:      layout_loops_ring, old_standard_altar, ebering_ghost_rock_garden,
          minmay_misc_feat_diagonals

Skill      XL: |  1  2  3 |
---------------+----------+-----
Necromancy     | 5 |  5.8
Spellcasting   | 4 |  4.5
Conjurations   | 1 |  1.3
Dodging        | |  2.4
Stealth        | |  2.4

Action                   |  1- 3 |  4- 6 || total
-------------------------+-------+-------++-------
Melee: Whip              |     4 |       ||     4
       Dagger            |     4 |       ||     4
 Cast: Necrotise         |    58 |     5 ||    63
       Magic Dart        |    18 |       ||    18
  Use: Scroll            |     7 |     1 ||     8
       Potion            |     1 |       ||     1
Armor: Robe              |     2 |     1 ||     3
Dodge: Dodged            |    13 |       ||    13
Block: Other             |     7 |     1 ||     8
